 Dungeon Crawl Stone Soup version 0.29-a0-233-g1125b37a9b (webtiles) character file.

Game seed: 6074695582693281212

2785 Crownlay the Cleaver (level 9, 0/75 HPs)
             Began as a Hill Orc Fighter on Mar 1, 2022.
             Was an Initiate of Okawaru.
             Slain by a yak (3 damage)
             ... on level 8 of the Dungeon.
             The game lasted 00:11:24 (7829 turns).

Crownlay the Cleaver (Hill Orc Fighter)             Turns: 7829, Time: 00:11:25

Health: 0/75       AC: 11    Str: 23    XL:     9   Next: 70%
Magic:  9/9        EV:  9    Int:  8    God:    Okawaru [......]
Gold:   383        SH:  5    Dex: 10    Spells: 8/8 levels left

rFire   . . .      SeeInvis .   I - +0 war axe (flame)
rCold   . . .      Faith    .   c - +0 buckler
rNeg    . . .      Spirit   .   b - +0 scale mail
rPois   .          Reflect  .   p - +0 helmet
rElec   .          Harm     .   w - +0 cloak
rCorr   .          Rampage  .   u - +0 pair of gloves
Will    .....                   v - +0 pair of boots
Stlth   ..........              (no amulet)
HPRegen 0.22/turn               (no ring)
MPRegen 0.11/turn               (no ring)

@: mighty, attractive
A: no striking features
a: Renounce Religion


You were on level 8 of the Dungeon.
You worshipped Okawaru.
Okawaru was noncommittal.
You visited 2 branches of the dungeon, and saw 9 of its levels.

You collected 383 gold pieces.

Inventory:

Hand Weapons
 F - a +2 flail of venom
 I - a +0 war axe of flaming (weapon)
Missiles
 s - 2 boomerangs (quivered)
 A - 5 curare-tipped darts
Armour
 b - a +0 scale mail (worn)
 c - a +0 buckler (worn)
 p - a +0 helmet (worn)
 u - a +0 pair of gloves (worn)
 v - a +0 pair of boots (worn)
 w - a +0 cloak (worn)
Jewellery
 h - an amulet of magic regeneration
 l - an amulet of faith
 D - an amulet of guardian spirit
 E - an amulet of regeneration
Wands
 y - a wand of digging (6)
Scrolls
 e - 3 scrolls of identify {unknown}
 f - a scroll of enchant armour {unknown}
 g - 3 scrolls of amnesia {unknown}
 k - 2 scrolls of teleportation {unknown}
 m - a scroll of magic mapping {unknown}
 B - a scroll of torment {unknown}
 C - a scroll of immolation {unknown}
 G - 2 scrolls of fog {unknown}
 H - a scroll of vulnerability {unknown}
Potions
 a - a potion of brilliance {unknown}
 d - 5 potions of might
 i - a potion of curing {unknown}
 j - 2 potions of mutation {unknown}
 n - 3 potions of heal wounds {unknown}
 o - 2 potions of attraction
 q - 2 potions of lignification {unknown}
 r - a potion of cancellation {unknown}
 t - 2 potions of degeneration {unknown}
 x - a potion of haste {unknown}
 z - a potion of berserk rage {unknown}
 J - a potion of flight {unknown}


   Skills:
 + Level 5.8 Fighting
 * Level 13.4 Axes
 + Level 2.0 Throwing
 - Level 3.2 Armour
 + Level 8.0 Shields


You had 8 spell levels left.
You didn't know any spells.
Your spell library contained the following spells:

 Spells                   Type           Power      Damage    Failure   Level
 Magic Dart               Conj           0%         1d3       80%         1
 Ignite Poison            Fire/Tmut/Pois 0%         N/A       99%         3
 Mephitic Cloud           Conj/Pois/Air  0%         N/A       99%         3
 Freezing Cloud           Conj/Ice/Air   0%         6-21      100%        5
 Call Imp                 Summ           Unusable   N/A       N/A         2

Dungeon Overview and Level Annotations

Branches:
Dungeon (8/15)             Temple (1/1) D:7
   Lair: D:8-11

Altars:
Cheibriados
Dithmenos
Fedhas
Hepliaklqana
Kikubaaqudgha
Makhleb
Okawaru
Ru
Sif Muna
Uskayaw
Xom
Zin
The Shining One

Shops:
D:7 *


Message History

The kobold brigand blocks your attack.
The kobold brigand is severely wounded.
You hit the kobold brigand. You burn the kobold brigand.
The kobold brigand is severely wounded.
The kobold brigand hits you with a +0 short sword.
* * * LOW HITPOINT WARNING * * *
A yak comes into view.
The kobold brigand blocks your attack.
The kobold brigand is severely wounded.
The yak bellows!
You hear a bellow!
The kobold brigand hits you but does no damage.
The kobold brigand blocks your attack.
The kobold brigand is severely wounded.
The kobold brigand closely misses you.
You hit the kobold brigand but do no damage.
The kobold brigand is severely wounded.
The kobold brigand hits you with a +0 short sword.
* * * LOW HITPOINT WARNING * * *
The kobold brigand blocks your attack.
The kobold brigand is severely wounded.
The kobold brigand hits you but does no damage.
The kobold brigand blocks your attack.
The kobold brigand is severely wounded.
The kobold brigand hits you but does no damage.
You slash the kobold brigand! You burn the kobold brigand.
You kill the kobold brigand!
Okawaru accepts your kill.
Your Throwing skill increases to level 2!
Your Shields skill increases to level 8!
You barely miss the yak.
A yak comes into view.
The yak gores you!
* * * LOW HITPOINT WARNING * * *
You feel very mighty all of a sudden. The yak gores you.
* * * LOW HITPOINT WARNING * * *
It was a potion of attraction.
You feel attractive to monsters. The yak gores you.
You die...

### #<# ###### #.#
#....# ###.# ###.#.#
#...# #...#..
#.###############.#####
#.................#####
####################...
#YKKY@...........<#.##
#.###########.....#.#
#.######### #.###.#.#
#KY.......# #.# #...#
#K........# #.# #####
#.........# #.#
#....$....+ #.#
#.........# #..
.........)...# ###


You could see 2 yaks and 2 kobolds.

Vanquished Creatures
  A steam dragon (D:7)
  A yak (D:8)
  A water moccasin (D:4)
  Duvessa (D:6)
  2 sky beasts (D:6)
  3 black bears
  3 ogres (D:6)
  A centaur (D:6)
  2 kobold brigands
  A bullfrog (D:7)
  3 necrophages (D:5)
  3 scorpions
  3 wights (D:5)
  Dowan (D:6)
  2 howler monkeys
  A human zombie (D:5)
  4 jellies
  3 hounds (D:5)
  Ijyb (D:4)
  An iguana (D:6)
  Natasha (thrice) (D:3)
  3 orc wizards
  2 scorpion zombies (D:5)
  2 hound zombies (D:5)
  2 mummies (D:5)
  Robin (D:2)
  6 adders
  6 gnolls
  A shadow imp (D:5)
  2 white imps
  An ufetubus (D:5)
  2 dart slugs
  6 orcs
  6 bats
  5 endoplasms
  A giant cockroach (D:1)
  13 goblins
  7 hobgoblins
  7 jackals
  2 quokkas
  6 ball pythons
  A frilled lizard (D:1)
  14 kobolds
  4 rats
141 creatures vanquished.

Notes
Turn   | Place    | Note
-------+----------+-------------------------------------------
     0 | D:1      | Crownlay the Hill Orc Fighter began the quest for the Orb.
     0 | D:1      | Reached XP level 1. HP: 19/19 MP: 1/1
    35 | D:1      | Reached skill level 3 in Axes
   143 | D:1      | Reached XP level 2. HP: 12/27 MP: 2/2
   577 | D:1      | Reached skill level 4 in Axes
   583 | D:1      | Reached XP level 3. HP: 33/33 MP: 3/3
  1391 | D:2      | Noticed Robin
  1409 | D:2      | Killed Robin
  1410 | D:2      | Reached XP level 4. HP: 37/41 MP: 4/4
  1848 | D:3      | Reached skill level 5 in Axes
  1883 | D:3      | Noticed a scorpion
  1895 | D:3      | Killed a scorpion
  1896 | D:3      | Reached XP level 5. HP: 42/47 MP: 5/5
  1939 | D:3      | Reached skill level 5 in Fighting
  1939 | D:3      | Reached skill level 6 in Axes
  2262 | D:3      | Noticed Natasha
  2268 | D:3      | Killed Natasha
  2461 | D:3      | Noticed Natasha
  2466 | D:3      | Killed Natasha
  2467 | D:3      | Reached XP level 6. HP: 48/56 MP: 6/6
  2471 | D:3      | Noticed Natasha
  2479 | D:3      | Killed Natasha
  2480 | D:3      | Reached skill level 7 in Axes
  2825 | D:4      | Noticed Ijyb
  2846 | D:4      | Killed Ijyb
  3018 | D:4      | Noticed a black bear
  3026 | D:4      | Killed a black bear
  3145 | D:4      | Reached skill level 8 in Axes
  3145 | D:4      | Reached XP level 7. HP: 58/61 MP: 7/7
  3433 | D:5      | Entered Level 5 of the Dungeon
  3489 | D:5      | Reached skill level 9 in Axes
  3489 | D:5      | Reached skill level 5 in Shields
  4292 | D:5      | Reached XP level 8. HP: 54/68 MP: 8/8
  4431 | D:5      | Reached skill level 10 in Axes
  4861 | D:5      | Reached skill level 11 in Axes
  4931 | D:5      | Found an ancient bone altar of Kikubaaqudgha.
  5324 | D:6      | Noticed Duvessa
  5325 | D:6      | Noticed Dowan
  5346 | D:6      | Reached skill level 12 in Axes
  5346 | D:6      | Reached XP level 9. HP: 74/74 MP: 9/9
  5347 | D:6      | Killed Duvessa
  5351 | D:6      | Killed Dowan
  6109 | D:6      | Reached skill level 1 in Throwing
  6147 | D:6      | Reached skill level 13 in Axes
  6361 | D:7      | Found a staircase to the Ecumenical Temple.
  6394 | Temple   | Entered the Ecumenical Temple
  6578 | Temple   | Became a worshipper of Warmaster Okawaru
  7092 | D:7      | Found Etso's Assorted Antiques.
  7828 | D:8      | HP: 2/75 [yak (5)]
  7829 | D:8      | Slain by a yak

Illustrated notes

Levels and vault maps discovered:
D:1:      dpeg_arrival_court, layout_rooms, minmay_heptomino_d4
D:2:      layout_basic, hangedman_glass_teeth, chequers_big_river,
          corner_web_ring, uniq_robin
D:3:      layout_rooms, kennysheep_generic_room_9, uniq_natasha
D:4:      layout_cave_pods, uniq_ijyb
D:5:      cheibrodos_thug_alley, layout_gridville,
          lemuel_mausoleum_altar_kikubaaqudgha
D:6:      layout_cave_pools, uniq_duvessa
D:7:      layout_gridville, minmay_temple_entry_ruins, serial_shops, shop_statue
D:8:      layout_basic, minmay_fractal_squares_gapless_5
Temple:   mainiacjoe_temple_cubbyholes

Skill      XL: |  1  2  3  4  5  6  7  8  9 |
---------------+----------------------------+-----
Axes           | 3 4 5 6 8 9 12 13 | 13.4
Fighting       | 4 5 |  5.8
Shields        | 4 5 7 8 |  8.0
Throwing       | 2 |  2.0
Armour         | |  3.2

Action                   |  1- 3 |  4- 6 |  7- 9 || total
-------------------------+-------+-------+-------++-------
Melee: War axe           |    84 |   102 |   268 ||   454
Throw: Throwing net      |       |       |     1 ||     1
       Boomerang         |       |       |     3 ||     3
  Use: Potion            |       |       |     2 ||     2
Armor: Scale mail        |    49 |    44 |    96 ||   189
Dodge: Dodged            |    47 |    31 |    87 ||   165
Block: Buckler           |    14 |    19 |    39 ||    72

Table legend: (Time is in decaauts)
 A = Elapsed time spent in this place.
 B = Non-inter-level travel time spent in this place.
 C = Inter-level travel time spent in this place.
 D = Time resting spent in this place.
 E = Time spent auto-exploring this place.
 F = Levels seen in this place.
 G = Mean time per level.
                   A        B        C        D        E       F      G
               +--------+--------+--------+--------+--------+-----+--------+
         Total |   7892 |   7563 |    329 |    219 |   6286 |   9 |  876.9 |
       Dungeon |   7684 |   7379 |    305 |    219 |   6110 |   8 |  960.5 |
        Temple |    208 |    184 |     24 |      0 |    176 |   1 |  208.0 |
               +--------+--------+--------+--------+--------+-----+--------+

Top non-repeatable levels by time:
     D:5: 1854 daAuts
     D:7: 1093 daAuts
     D:2: 1093 daAuts
     D:6: 1018 daAuts
     D:4: 856 daAuts
     D:3: 777 daAuts
     D:1: 774 daAuts
     D:8: 216 daAuts
  Temple: 208 daAuts
